 Dungeon Crawl Stone Soup version 0.21.1-1-g345015fe64 (webtiles) character file.

154 stein the Slasher (level 5, -3/70 HPs)
             Began as a Minotaur Berserker on Mar 28, 2018.
             Was a Believer of Trog.
             Slain by a river rat (7 damage)
             ... in a sewer.
             The game lasted 00:23:45 (1660 turns).

stein the Slasher (Minotaur Berserker)              Turns: 1660, Time: 00:23:46

Health: -3/70      AC:  3    Str: 27    XL:     5   Next: 13%
Magic:  4/4        EV: 12    Int:  9    God:    Trog [**....]
Gold:   169        SH:  0    Dex: 10    Spells: 4/4 levels left

rFire    . . .     SeeInvis .   a - +0 falchion
rCold    . . .     Gourm    .   (no shield)
rNeg     . . .     Faith    .   f - +0 leather armour
rPois    .         Spirit   .   (helmet restricted)
rElec    .         Reflect  .   (no cloak)
rCorr    .         Harm     .   (no gloves)
MR       .....                  (no boots)
Stlth    ..........             (no amulet)
HPRegen  0.21/turn              (no ring)
MPRegen  0.09/turn              (no ring)

@: brilliant, berserking, quick
A: retaliatory headbutt, horns 2
a: Berserk, Trog's Hand, Burn Spellbooks, Renounce Religion


You were in a sewer.
You worshipped Trog.
Trog was pleased with you.
You were not hungry.

You visited 1 branch of the dungeon, and saw 3 of its levels.
You also visited: Sewer.

You collected 169 gold pieces.

Inventory:

Hand Weapons
 a - a +0 falchion (weapon)
 h - a cursed -1 dagger
 k - a +0 hunting sling
Missiles
 d - 99 stones (quivered)
 p - 22 poisoned needles
Armour
 f - a +0 leather armour (worn)
 l - a +0 buckler
Jewellery
 n - an uncursed ring of see invisible {unknown}
Scrolls
 b - a scroll of enchant weapon {unknown}
 e - 5 scrolls of identify {unknown}
 i - a scroll of immolation {unknown}
 j - a scroll of fog {unknown}
 m - a scroll of enchant armour {unknown}
 q - a scroll of teleportation {unknown}
Potions
 g - 2 potions of brilliance
 o - a potion of curing {unknown}
Comestibles
 c - 2 rations


   Skills:
 + Level 4.9 Fighting
 + Level 5.3 Long Blades
 + Level 0.4 Throwing
 + Level 3.3 Armour
 + Level 2.6 Dodging
 + Level 0.1 Stealth


You had 4 spell levels left.
You didn't know any spells.

Dungeon Overview and Level Annotations

Branches:
Dungeon (3/15)

Altars:


Innate Abilities, Weirdness & Mutations

You reflexively headbutt those who attack you in melee.
You have a pair of horns on your head.


Message History

You are no longer poisoned.
You slash the rat!
You kill the rat!
Trog accepts your kill.
A river rat comes into view.
The river rat barely misses you.
You hit the river rat.
The river rat is moderately wounded.
The river rat bites you but does no damage.
You closely miss the river rat.
The river rat is moderately wounded.
The river rat bites you.
* * * LOW HITPOINT WARNING * * *
Your unstable footing causes you to fumble your attack.
The river rat bites you.
* * * LOW HITPOINT WARNING * * *
A red film seems to cover your vision as you go berserk!
You feel yourself moving faster!
You feel mighty!
You feel a lot more hungry. The river rat bites you!
You die...

≈≈. .≈. #≈# #≈# #≈# #≈#
#≈# #≈# #≈# #≈# # ##≈##
##≈## #≈≈ ##.≈.## ##.≈.#
....≈####≈.≈..#####.≈≈≈.
...≈.≈r@≈.≈..≈≈≈≈≈≈≈.∩..
≈.≈≈.####.≈..≈#####≈..∩.
#.. ##...## ##.≈.# #
##≈## ##≈## #≈# #≈# #≈#
#≈# ##≈## ##≈## ##≈.≈##
##≈≈.# #..≈.≈#####...≈.


You could see a river rat.

Vanquished Creatures
  Natasha (twice) (D:2)
  4 adders
  3 oozes
  A worm (D:3)
  3 dart slugs (D:1)
  A leopard gecko (D:2)
  An orc (D:3)
  3 giant cockroaches
  8 goblins
  9 hobgoblins
  A kobold (D:1)
  A ball python (D:2)
  2 bats
  9 rats
48 creatures vanquished.

Notes
Turn   | Place    | Note
-------+----------+-------------------------------------------
     0 | D:1      | stein the Minotaur Berserker began the quest for the Orb.
     0 | D:1      | Reached XP level 1. HP: 19/19 MP: 0/0
   198 | D:1      | Reached XP level 2. HP: 21/27 MP: 1/1
   625 | D:2      | Reached skill level 4 in Long Blades
   635 | D:2      | Reached XP level 3. HP: 28/34 MP: 2/2
   689 | D:2      | Noticed Natasha
   697 | D:2      | Killed Natasha
   814 | D:2      | Reached ** piety under Trog
   834 | D:2      | Noticed Natasha
   847 | D:2      | Killed Natasha
   847 | D:2      | Reached XP level 4. HP: 33/41 MP: 3/3
  1403 | D:3      | Reached skill level 5 in Long Blades
  1483 | D:3      | Found a glowing drain.
  1492 | Sewer    | Entered a sewer
  1620 | Sewer    | Reached XP level 5. HP: 31/47 MP: 4/4
  1660 | Sewer    | Slain by a river rat

Skill      XL: |  1  2  3  4 |
---------------+-------------+-----
Fighting       | 4 |  4.9
Long Blades    | 4 5 |  5.3
Armour         | 3 |  3.3
Throwing       | |  0.4
Dodging        | |  2.6
Stealth        | |  0.1

Action                   |  1- 3 |  4- 6 || total
-------------------------+-------+-------++-------
Melee: Falchion          |    56 |    53 ||   109
       Headbutt          |     8 |     5 ||    13
Throw: Stone             |     4 |       ||     4
Invok: Berserk           |     2 |     1 ||     3
  Use: Potion            |       |     1 ||     1
  Eat: Ration            |       |     2 ||     2
Armor: Leather armour    |     9 |     8 ||    17
Dodge: Dodged            |    39 |    27 ||    66
       Rpst.: Falchion   |    10 |     8 ||    18
